 Dungeon Crawl Stone Soup version 0.32-a0-981-g384da2ce10 (webtiles) character file.

Game seed: 2730184335066908081

506 protoss039 the Trooper (level 6, -1/48 HPs)
             Began as a Demonspawn Earth Elementalist on Apr 20, 2024.
             Slain by an orc wizard
             ... wielding a +0 dagger
              (3 damage)
             ... on level 4 of the Dungeon.
             The game lasted 00:05:13 (3849 turns).

protoss039 the Trooper (DsEE)                       Turns: 3849, Time: 00:05:14

Health: -1/48      AC:  2    Str:  7 (8)  XL:     6   Next: 97%
Magic:  11/11      EV: 14    Int: 17 (18) God:
Gold:   172        SH:  0    Dex: 10 (13) Spells: 4/11 levels left

rFire   . . .        k - +2 spear (venom)
rCold   + . .        (no shield)
rNeg    . . .        a - +0 robe
rPois   .            (no helmet)
rElec   .            (no cloak)
rCorr   .            (no gloves)
SInv    .            (no boots)
Will    .....        (no amulet)
Stlth   +            g - ring of protection from cold
HPRegen 0.28/turn    (no ring)
MPRegen 0.12/turn

%: no passive effects
@: confused, on berserk cooldown, slowed, very slow
A: repulsion field 2, ignite blood 1, talons 1, screaming 1
a: no special abilities


You were on level 4 of the Dungeon.
You visited 2 branches of the dungeon, and saw 5 of its levels.

You collected 172 gold pieces.

Inventory:

Hand Weapons
 k - a +2 spear of venom (weapon)
 o - a +0 hand axe of freezing
Armour
 a - a +0 robe (worn)
Jewellery
 g - a ring of protection from cold (left hand)
Scrolls
 c - 2 scrolls of acquirement {unknown}
 h - 2 scrolls of teleportation {unknown}
 i - a scroll of torment {unknown}
 m - a scroll of silence {unknown}
 p - 2 scrolls of enchant armour {unknown}
 r - a scroll of immolation {unknown}
 t - a scroll of identify {unknown}
 u - a scroll of enchant weapon {unknown}
Potions
 b - a potion of magic
 d - a potion of degeneration
 e - a potion of attraction {unknown}
 f - a potion of mutation
 j - a potion of invisibility {unknown}
 l - a potion of berserk rage
 n - a potion of brilliance {unknown}
 q - a potion of might {unknown}
 s - a potion of haste {unknown}


   Skills:
 * Level 3.8 Fighting
 * Level 2.5 Dodging
 * Level 2.7 Stealth
 + Level 3.3 Spellcasting
 + Level 3.0 Conjurations
 + Level 3.8 Earth Magic


You had 4 spell levels left.
You knew the following spells:

 Your Spells              Type           Power      Damage    Failure   Level
a - Sandblast             Erth           30%        2d9       3%          1
b - Passwall              Erth           15%        N/A       11%         3
c - Stone Arrow           Conj/Erth      28%        3d8       12%         3

Your spell library contained the following spells:

 Spells                   Type           Power      Damage    Failure   Level
 Brom's Barrelling Bould  Conj/Erth      14%        2d4       38%         4
 Petrify                  Alch/Erth      9%         N/A       58%         4


Dungeon Overview and Level Annotations

Branches:
Dungeon (4/15) Zot: 20107  Temple (1/1) D:4 Zot: 5998

Altars:
Cheibriados
Fedhas
Gozag
Hepliaklqana
Makhleb
Okawaru
Qazlal
Ru
Trog
Uskayaw
Wu Jian
Xom


Innate Abilities, Weirdness & Mutations

You are surrounded by a moderate repulsion field. (EV +3)
Your demonic aura sometimes causes spilled blood to erupt in flames.
You have sharp toenails.
You occasionally shout uncontrollably at your foes.


Message History

You're too confused to move!
The orc hits you but does no damage. Something hits you.
The orc hits you with a +0 dagger.
The orc wizard hits you with a +0 dagger.
You barely miss the orc wizard. The orc hits you with a +0 short sword.
The orc wizard hits you but does no damage.
You hear some strange, mumbled words.
A puff of flame appears from out of thin air!
The puff of flame hits you!
* * * LOW HITPOINT WARNING * * *
The orc misses you.
Unknown command.
You completely miss something. Your kick misses something.
Unknown command.
Unknown command.
You completely miss something. Your kick misses something.
The orc closely misses you.
The orc wizard points at you and mumbles some strange words.
The magic dart hits you!
* * * LOW HITPOINT WARNING * * *
Something hits you but does no damage. The orc hits you with a +0 dagger.
* * * LOW HITPOINT WARNING * * *
Unknown command.
You are too berserk!
Unknown command.
Unknown command.
You closely miss the orc wizard. You claw the orc wizard!
The orc wizard is severely wounded.
The orc barely misses you. Something hits you but does no damage.
The orc hits you with a +0 dagger.
* * * LOW HITPOINT WARNING * * *
The orc wizard misses you.
Unknown command.
Unknown command.
You bump into the rock wall.
You are no longer berserk.
You are exhausted.
You feel yourself slow down. The orc hits you with a +0 short sword.
* * * LOW HITPOINT WARNING * * *
The orc wizard hits you with a +0 dagger.
You die...

##..##..#..##..#.....##
##...........########
##....####### #...##
#...# #...# #...##
#....## #...o@#
#....{oo......
#!.....o......(
K...............
..#####....!##### ##
##....# ##...# #...#


You could see an orc wizard and 3 orcs.

Vanquished Creatures
  Grinder (D:4)
  An ogre (D:4)
  A scorpion (D:4)
  A bombardier beetle (D:4)
  A sleepcap (D:4)
  4 adders
  2 dart slugs
  2 ribbon worms
  5 bats
  5 endoplasms
  4 giant cockroaches
  8 goblins
  7 hobgoblins
  11 jackals
  7 kobolds
  4 quokkas
  5 ball pythons
  2 frilled lizards (D:1)
  6 rats
77 creatures vanquished.

Notes
Turn   | Place    | Note
-------+----------+-------------------------------------------
     0 | D:1      | protoss039 the Demonspawn Earth Elementalist began the
                  | quest for the Orb.
     0 | D:1      | Reached XP level 1. HP: 13/13 MP: 3/3
   177 | D:1      | Gained mutation: You are surrounded by a mild repulsion
                  | field. (EV +2) [demonic ancestry]
   177 | D:1      | Reached XP level 2. HP: 13/20 MP: 0/5
   303 | D:1      | Reached skill level 1 in Fighting
   561 | D:1      | Gained mutation: Your demonic aura sometimes causes spilled
                  | blood to erupt in flames. [demonic ancestry]
   561 | D:1      | Reached XP level 3. HP: 14/26 MP: 0/6
  1484 | D:2      | Reached XP level 4. HP: 33/33 MP: 7/7
  2519 | D:4      | Learned a level 3 spell: Passwall
  2686 | D:4      | Reached XP level 5. HP: 3/39 MP: 1/9
  2859 | D:4      | Noticed an ogre
  2862 | D:4      | Killed an ogre
  2944 | D:4      | Found a staircase to the Ecumenical Temple.
  2951 | Temple   | Entered the Ecumenical Temple
  3222 | D:4      | Learned a level 3 spell: Stone Arrow
  3259 | D:4      | Found an opulent altar of Gozag.
  3280 | D:4      | Noticed Grinder
  3291 | D:4      | Gained mutation: You are surrounded by a moderate repulsion
                  | field. (EV +3) [demonic ancestry]
  3291 | D:4      | Reached XP level 6. HP: 25/47 MP: 1/10
  3294 | D:4      | Killed Grinder
  3841 | D:4      | Gained mutation: You occasionally shout uncontrollably at
                  | your foes. [potion of mutation]
  3841 | D:4      | Gained mutation: You have sharp toenails. [potion of
                  | mutation]
  3849 | D:4      | HP: 2/48 [orc/+0 short sword (4)]
  3849 | D:4      | Slain by an orc wizard

Illustrated notes

Levels and vault maps discovered:
D:1:      elethiomel_arrival_quiet, layout_rooms, bh_walls_and_bars
D:2:      layout_rooms, grunt_ministairs_11
D:3:      layout_basic
D:4:      layout_layer_cave, marbit_many_paths, mainiacjoe_overflow_paths,
          gammafunk_temple_overflow_claw, minmay_temple_entry_nine_rooms,
          uniq_grinder
Temple:   nicolae_temple_godzebo

Skill      XL: |  1  2  3  4  5  6 |
---------------+-------------------+-----
Fighting       | 1 2 3 |  3.8
Earth Magic    | 3 |  3.8
Conjurations   | 2 3 |  3.0
Spellcasting   | 3 |  3.3
Dodging        | 2 |  2.5
Stealth        | 2 |  2.7

Action                     |  1- 3 |  4- 6 || total
---------------------------+-------+-------++-------
  Melee: Dagger            |    54 |       ||    54
         Spear             |    35 |    65 ||   100
         Kick              |       |     1 ||     1
   Cast: Sandblast         |    47 |    30 ||    77
         Stone Arrow       |       |     2 ||     2
    Use: Potion            |       |     3 ||     3
   Stab: Sleeping          |     3 |     8 ||    11
 Armour: Robe              |    80 |    60 ||   140
  Dodge: Dodged            |   103 |    47 ||   150

Table legend: (Time is in decaauts)
 A = Elapsed time spent in this place.
 B = Non-inter-level travel time spent in this place.
 C = Inter-level travel time spent in this place.
 D = Time resting spent in this place.
 E = Time spent auto-exploring this place.
 F = Levels seen in this place.
 G = Mean time per level.
                   A        B        C        D        E       F      G
               +--------+--------+--------+--------+--------+-----+--------+
         Total |   3893 |   3804 |     89 |    450 |   2739 |   5 |  778.6 |
       Dungeon |   3891 |   3802 |     89 |    450 |   2739 |   4 |  972.8 |
        Temple |      1 |      1 |      0 |      0 |      0 |   1 |    1.0 |
               +--------+--------+--------+--------+--------+-----+--------+

Top non-repeatable levels by time:
     D:4: 1348 daAuts
     D:1: 935 daAuts
     D:3: 918 daAuts
     D:2: 690 daAuts
  Temple: 1 daAuts
